3A
BELLEVUE BRUINS @ PROVO MANGO
08/30/2022
 
TOP OF THE 1ST
Bellevue Bruins batting - Pitching for Provo Mango : RHP Seung-yeop Kim
Pitching: RHP Seung-yeop Kim
Batting: LHB Orlando López 0-0: Ball
1-0: SINGLE (Groundball, 13) (infield hit)
Batting: RHB Leo Shoemaker 0-0: Called Strike
0-1: Ball
1-1: Ball
Single, Error in OF, E8, batter to second base
Orlando López to third
Batting: RHB Jesús Vargas 0-0: Called Strike
0-1: Fly out, F6 (Popup, 56D)
Batting: RHB José Carlos Pérez 0-0: Called Strike
0-1: Foul Ball, location: 2F
0-2: Ball
1-2: Ball
2-2: Strikes out swinging
Batting: RHB Nelson Abbey 0-0: Called Strike
0-1: Swinging Strike
0-2: Ball
1-2: Foul Ball, location: 2F
1-2: Ball
2-2: Foul Ball, location: 2F
2-2: Ball
3-2: Base on Balls
Batting: RHB Nick Hoskins 0-0: Ball
1-0: Ball
2-0: SINGLE (Popup, 13)
Orlando López scores
Leo Shoemaker to third
Nelson Abbey to second
Runner from 3rd tries for Home, SAFE, no throw or cutoff
Batting: SHB Jesús Rodríguez 0-0: Fielders Choice at 2nd, U4 (Groundball, 4M)
Top of the 1st over - 2 run(s), 3 hit(s), 1 error(s), 2 left on base; Bellevue 2 - Provo 0
BOTTOM OF THE 1ST
Provo Mango batting - Pitching for Bellevue Bruins : RHP Roberto Covas
Pitching: RHP Roberto Covas
Batting: RHB Cristián Lima 0-0: Ball
1-0: Ground out 3-1 (Groundball, 34)
Batting: LHB Akihito Nishiyama 0-0: Foul Ball, location: 2F
0-1: Foul Ball, location: 2F
0-2: Foul Ball, location: 2F
0-2: Ball
1-2: Ground out 4-3 (Groundball, 4)
Batting: RHB Santiago Ramos 0-0: Ground out 5-3 (Groundball, 6)
Bottom of the 1st over - 0 run(s), 0 hit(s), 0 error(s), 0 left on base; Bellevue 2 - Provo 0
TOP OF THE 2ND
Bellevue Bruins batting - Pitching for Provo Mango : RHP Seung-yeop Kim
Batting: SHB Ramón García 0-0: Called Strike
0-1: Ball
1-1: Ball
2-1: Ball
3-1: Base on Balls
Batting: RHB Mark Bishop 0-0: Ball
1-0: Ball
2-0: SINGLE (Groundball, 34)
Ramón García to second
Runner from 2nd tries for 3rd, SAFE, throw made to third
Mark Bishop to second
Batting: LHB Orlando López 0-0: Ball
1-0: Foul Ball, location: 2F
1-1: Foul Ball, location: 2F
1-2: Ground out 4-3 (Groundball, 4M)
Ramón García scores
Mark Bishop to third
Batting: RHB Leo Shoemaker 0-0: Called Strike
0-1: Ground out 4-3 (Groundball, 4M)
Mark Bishop scores
Batting: RHB Jesús Vargas 0-0: Fly out, F7 (Flyball, 7LM)
Top of the 2nd over - 2 run(s), 1 hit(s), 0 error(s), 0 left on base; Bellevue 4 - Provo 0
BOTTOM OF THE 2ND
Provo Mango batting - Pitching for Bellevue Bruins : RHP Roberto Covas
Batting: RHB Rubén Campos 0-0: Ball
1-0: Swinging Strike
1-1: Foul Ball, location: 2F
1-2: Ball
2-2: Strikes out looking
Batting: RHB Lúcio Sánchez 0-0: Ball
1-0: Ball
2-0: Ball
3-0: Called Strike
3-1: Called Strike
3-2: Ground out 5-3 (Groundball, 56)
Batting: LHB Armando Villarreal 0-0: Ground out 4-3 (Groundball, 34)
Bottom of the 2nd over - 0 run(s), 0 hit(s), 0 error(s), 0 left on base; Bellevue 4 - Provo 0
TOP OF THE 3RD
Bellevue Bruins batting - Pitching for Provo Mango : RHP Seung-yeop Kim
Batting: RHB José Carlos Pérez 0-0: Ground out 6-3 (Groundball, 6)
Batting: RHB Nelson Abbey 0-0: Foul Ball, location: 2F
0-1: Called Strike
0-2: Strikes out swinging
Batting: RHB Nick Hoskins 0-0: Swinging Strike
0-1: Swinging Strike
0-2: Ball
1-2: Strikes out swinging
Top of the 3rd over - 0 run(s), 0 hit(s), 0 error(s), 0 left on base; Bellevue 4 - Provo 0
BOTTOM OF THE 3RD
Provo Mango batting - Pitching for Bellevue Bruins : RHP Roberto Covas
Batting: RHB Salvador Noriega 0-0: Ball
1-0: Ground out 6-3 (Groundball, 6M)
Batting: RHB Xavier Hernández 0-0: Called Strike
0-1: Ground out 1-3 (Groundball, 15S)
Batting: RHB John Moss 0-0: Ball
1-0: Foul Ball, location: 2F
1-1: Ball
2-1: Ball
3-1: Base on Balls
Batting: RHB Cristián Lima 0-0: Ball
1-0: Called Strike
1-1: Fielders Choice at 2nd, U6 (Groundball, 6M)
Bottom of the 3rd over - 0 run(s), 0 hit(s), 0 error(s), 1 left on base; Bellevue 4 - Provo 0
TOP OF THE 4TH
Bellevue Bruins batting - Pitching for Provo Mango : RHP Seung-yeop Kim
Batting: SHB Jesús Rodríguez 0-0: Ground out U3 (Groundball, 3L)
Batting: SHB Ramón García 0-0: Ground out U3 (Groundball, 3)
Batting: RHB Mark Bishop 0-0: Called Strike
0-1: Foul Ball, location: 2F
0-2: Ball
1-2: Ball
2-2: Foul Ball, location: 2F
2-2: Ground out 5-3 (Groundball, 56)
Top of the 4th over - 0 run(s), 0 hit(s), 0 error(s), 0 left on base; Bellevue 4 - Provo 0
BOTTOM OF THE 4TH
Provo Mango batting - Pitching for Bellevue Bruins : RHP Roberto Covas
Batting: LHB Akihito Nishiyama 0-0: Called Strike
0-1: Foul Ball, location: 2F
0-2: Ball
1-2: SINGLE (Line Drive, 78M)
Batting: RHB Santiago Ramos 0-0: Called Strike
0-1: Ball
1-1: Called Strike
1-2: Grounds into double play, U6-3 (Groundball, 6M)
Batting: RHB Rubén Campos 0-0: Ground out 6-3 (Groundball, 6)
Bottom of the 4th over - 0 run(s), 1 hit(s), 0 error(s), 0 left on base; Bellevue 4 - Provo 0
TOP OF THE 5TH
Bellevue Bruins batting - Pitching for Provo Mango : RHP Seung-yeop Kim
Batting: LHB Orlando López 0-0: Ground out 4-3 (Groundball, 4)
Batting: RHB Leo Shoemaker 0-0: Ball
1-0: Called Strike
1-1: Swinging Strike
1-2: Strikes out swinging
Batting: RHB Jesús Vargas 0-0: Called Strike
0-1: SINGLE (Line Drive, 6MD)
Batting: RHB José Carlos Pérez 0-0: Called Strike
0-1: Called Strike
0-2: Ground out 6-3 (Groundball, 6)
Top of the 5th over - 0 run(s), 1 hit(s), 0 error(s), 1 left on base; Bellevue 4 - Provo 0
BOTTOM OF THE 5TH
Provo Mango batting - Pitching for Bellevue Bruins : RHP Roberto Covas
Batting: RHB Lúcio Sánchez 0-0: Ball
1-0: Ball
2-0: Called Strike
2-1: Foul Ball, location: 2F
2-2: Strikes out looking
Batting: LHB Armando Villarreal 0-0: Foul Ball, location: 2F
0-1: Ball
1-1: Ball
2-1: SINGLE (Groundball, 34D)
Batting: RHB Salvador Noriega 0-0: Ball
1-0: Called Strike
1-1: Foul Ball, location: 2F
1-2: Ball
2-2: Foul Ball, location: 2F
2-2: Foul Ball, location: 2F
2-2: Foul Ball, location: 2F
2-2: Fly out, F9 (Flyball, 89M)
Batting: RHB Xavier Hernández 0-0: Called Strike
0-1: Ball
1-1: Fly out, F8 (Flyball, 8LM)
Bottom of the 5th over - 0 run(s), 1 hit(s), 0 error(s), 1 left on base; Bellevue 4 - Provo 0
TOP OF THE 6TH
Bellevue Bruins batting - Pitching for Provo Mango : RHP Seung-yeop Kim
Batting: RHB Nelson Abbey 0-0: Fly out, F9 (Flyball, 89M)
Batting: RHB Nick Hoskins 0-0: Called Strike
0-1: Ground out 5-3 (Groundball, 56S)
Batting: SHB Jesús Rodríguez 0-0: Called Strike
0-1: Ball
1-1: Foul Ball, location: 2F
1-2: Ball
2-2: Strikes out swinging
Top of the 6th over - 0 run(s), 0 hit(s), 0 error(s), 0 left on base; Bellevue 4 - Provo 0
BOTTOM OF THE 6TH
Provo Mango batting - Pitching for Bellevue Bruins : RHP Roberto Covas
Batting: RHB John Moss 0-0: Foul Ball, location: 2F
0-1: Ball
1-1: Ball
2-1: SINGLE (Groundball, 6M)
Batting: RHB Cristián Lima 0-0: Foul Ball, location: 2F
0-1: Fly out, F3 (Popup, 3SF)
Batting: LHB Akihito Nishiyama 0-0: Called Strike
0-1: Fly out, F8 (Flyball, 8LM)
Batting: RHB Santiago Ramos 0-0: Called Strike
John Moss is caught stealing 2nd base
Bottom of the 6th over - 0 run(s), 1 hit(s), 0 error(s), 0 left on base; Bellevue 4 - Provo 0
TOP OF THE 7TH
Bellevue Bruins batting - Pitching for Provo Mango : RHP Seung-yeop Kim
Batting: SHB Ramón García 0-0: Swinging Strike
0-1: Ground out U3 (Groundball, 3)
Batting: RHB Mark Bishop 0-0: Called Strike
0-1: Ball
1-1: Foul Ball, location: 2F
1-2: Ball
2-2: Ball
3-2: Strikes out looking
Batting: LHB Orlando López 0-0: Ball
1-0: Fly out, F7 (Flyball, 78M)
Top of the 7th over - 0 run(s), 0 hit(s), 0 error(s), 0 left on base; Bellevue 4 - Provo 0
BOTTOM OF THE 7TH
Provo Mango batting - Pitching for Bellevue Bruins : RHP Roberto Covas
Batting: RHB Santiago Ramos 0-0: Swinging Strike
0-1: SINGLE (Flyball, 7LS)
Batting: RHB Rubén Campos 0-0: Ball
1-0: Ball
2-0: Ball
3-0: Called Strike
3-1: Foul Ball, location: 2F
3-2: Fly out, F8 (Flyball, 8RM)
Batting: RHB Lúcio Sánchez 0-0: Ball
1-0: Ball
2-0: Ball
3-0: Called Strike
3-1: Foul Ball, location: 2F
3-2: Strikes out swinging
Throwing error on steal attempt, E2
Santiago Ramos to third
Batting: LHB Armando Villarreal 0-0: SINGLE (Groundball, 34D)
Santiago Ramos scores
Batting: RHB Salvador Noriega 0-0: Ball
1-0: Ball
2-0: Fielders Choice at 2nd, 6-4 (Groundball, 6)
Bottom of the 7th over - 1 run(s), 2 hit(s), 1 error(s), 0 left on base; Bellevue 4 - Provo 1
TOP OF THE 8TH
Bellevue Bruins batting - Pitching for Provo Mango : RHP Seung-yeop Kim
Batting: RHB Leo Shoemaker 0-0: Foul Ball, location: 2F
0-1: Swinging Strike
0-2: Foul Ball, location: 2F
0-2: Foul Ball, location: 2F
0-2: Ball
1-2: Strikes out swinging
Batting: RHB Jesús Vargas 0-0: Ball
1-0: Swinging Strike
1-1: Ball
2-1: Ball
3-1: Ground out 6-3 (Groundball, 56)
Batting: RHB José Carlos Pérez 0-0: Reached on error, E5 (Groundball, 5S)
Batting: RHB Nelson Abbey 0-0: Called Strike
0-1: Ball
1-1: SINGLE (Groundball, 6MD) (infield hit)
José Carlos Pérez to second
Pitching: RHP Luis Ramos
Batting: RHB Nick Hoskins 0-0: Ball
1-0: Swinging Strike
1-1: Fly out, F8 (Flyball, 8LM)
Top of the 8th over - 0 run(s), 1 hit(s), 1 error(s), 2 left on base; Bellevue 4 - Provo 1
BOTTOM OF THE 8TH
Provo Mango batting - Pitching for Bellevue Bruins : RHP Roberto Covas
Batting: RHB Xavier Hernández 0-0: Called Strike
0-1: Ball
1-1: Called Strike
1-2: Ground out 6-3 (Groundball, 6)
Batting: RHB John Moss 0-0: Ball
1-0: Fly out, F8 (Line Drive, 8RM)
Batting: RHB Cristián Lima 0-0: Called Strike
0-1: Foul Ball, location: 2F
0-2: Ball
1-2: Ball
2-2: Foul Ball, location: 2F
2-2: Ball
3-2: Fly out, F6 (Popup, 6)
Bottom of the 8th over - 0 run(s), 0 hit(s), 0 error(s), 0 left on base; Bellevue 4 - Provo 1
TOP OF THE 9TH
Bellevue Bruins batting - Pitching for Provo Mango : RHP Luis Ramos
Batting: SHB Jesús Rodríguez 0-0: Ball
1-0: Called Strike
1-1: Ball
2-1: Foul Ball, location: 2F
2-2: Foul Ball, location: 2F
2-2: Foul Ball, location: 2F
2-2: Fly out, F8 (Flyball, 8RM)
Batting: SHB Ramón García 0-0: Foul Ball, location: 2F
0-1: Ground out 1-3 (Groundball, 13S)
Batting: RHB Mark Bishop 0-0: Fly out, F7 (Flyball, 78M)
Top of the 9th over - 0 run(s), 0 hit(s), 0 error(s), 0 left on base; Bellevue 4 - Provo 1
BOTTOM OF THE 9TH
Provo Mango batting - Pitching for Bellevue Bruins : RHP Roberto Covas
Pitching: RHP Lyndon Smith
Batting: LHB Akihito Nishiyama 0-0: Swinging Strike
0-1: Called Strike
0-2: Strikes out swinging
Batting: RHB Santiago Ramos 0-0: Called Strike
0-1: Ball
1-1: Ball
2-1: Ground out 5-3 (Groundball, 5S)
Batting: RHB Rubén Campos 0-0: Called Strike
0-1: Ball
1-1: Foul Ball, location: 2F
1-2: Ball
2-2: Strikes out looking
Bottom of the 9th over - 0 run(s), 0 hit(s), 0 error(s), 0 left on base; Bellevue 4 - Provo 1
This league is powered by Out of the Park Baseball, the baseball management simulation game for PC, Mac and Linux
Friday, April 15th, 2016 - OOTP Baseball 16.9 Build 39